[Event "Early-Titled-Tuesday-Blitz-September-26-2023"]
[Site "Chess.com"]
[Date "2023.09.26"]
[Round "2"]
[White "deribas12345"]
[Black "DuleMudule"]
[Result "0-1"]
[WhiteElo "2562"]
[BlackElo "2767"]
[TimeControl "180+1"]
[EndTime "8:15:55 PDT"]
[Termination "DuleMudule won by resignation"]

1. d4 d5 2. c4 Nc6 3. Nf3 Bg4 4. cxd5 Bxf3 5. dxc6 Bxc6 6. Nc3 e6 7. e4 Bb4 8. f3 Qh4+ 9. g3 Qf6 10. a3 Ba5 11.
Be3 O-O-O 12. Be2 Bb6 13. e5 Qg6 14. a4 Ne7 15. a5 Bxd4 16. Bxd4 Nf5 17. a6 b6 18. O-O Nxd4 19. Qc1 Nb3 20. Qe3 Nxa1 21. Rxa1 Qc2 22. Rc1 Qxb2 23. Nb5 Bxb5 24. Bxb5 Qxb5 25. Qg5 Qb2 26. Rxc7+ Kxc7 27. Qc1+ Qxc1+ 0-1

[Event "Early-Titled-Tuesday-Blitz-September-26-2023"]
[Site "Chess.com"]
[Date "2023.09.26"]
[Round "2"]
[White "Likvidator228"]
[Black "Arifarsky"]
[Result "1/2-1/2"]
[WhiteElo "2546"]
[BlackElo "2723"]
[TimeControl "180+1"]
[EndTime "8:15:58 PDT"]
[Termination "Game drawn by agreement"]

1. d4 Nf6 2. c4 g6 3. Nc3 d5 4. Bf4 c6 5. e3 Bg7 6. Rc1 O-O 7. Nf3 a6 8. c5 Bg4 9. Be2 Bxf3 10.
Bxf3 Nbd7 11. O-O Re8 12. b4 e5 13. Bg3 Qe7 14. a4 h5 15. b5 axb5 16. axb5 Ra3 17. bxc6 bxc6 18. Nb1 Ra2 19. Nc3 Ra3 20. Nb1 Ra1 21. Nc3 Rxc1 22. Qxc1 exd4 23. exd4 Nh7 24. Bd6 Qf6 25. Rd1 Ng5 26. Be2 Ne4 27. Bf3 Ndxc5 28. Bxc5 Nxc5 29. Nxd5 cxd5 30. Qxc5 Qxd4 31. Qxd4 Bxd4 32.
g3 Bf6 1/2-1/2

[Event "Early-Titled-Tuesday-Blitz-September-26-2023"]
[Site "Chess.com"]
[Date "2023.09.26"]
[Round "2"]
[White "guillembaches"]
[Black "stepanosinovsky"]
[Result "0-1"]
[WhiteElo "2509"]
[BlackElo "2338"]
[TimeControl "180+1"]
[EndTime "8:16:02 PDT"]
[Termination "stepanosinovsky won by checkmate"]

1. d4 Nf6 2. Nf3 g6 3. Bg5 Bg7 4. Nbd2 O-O 5. e3 h6 6. Bh4 d6 7. Bc4 b6 8. O-O Bb7 9. c3 Nbd7 10. a4 a6 11. Re1 Ne4 12. Qe2 Ndf6 13. Nxe4 Nxe4 14.
Nd2 Nxd2 15. Qxd2 Qd7 16. e4 Kh7 17. h3 e6 18. a5 b5 19. Bd3 e5 20. Bf1 exd4 21.
cxd4 Rae8 22. d5 f5 23. exf5 Rxf5 24. Rxe8 Qxe8 25. Qc2 c5 26. dxc6 Qxc6 27. Qd2 Rc5 28. Re1 Rc2 29. Qf4 Rc4 30. Bxc4 Qxg2# 0-1

[Event "Early-Titled-Tuesday-Blitz-September-26-2023"]
[Site "Chess.com"]
[Date "2023.09.26"]
[Round "2"]
[White "Cheer_Down"]
[Black "jasonbolivar"]
[Result "1-0"]
[WhiteElo "2479"]
[BlackElo "2263"]
[TimeControl "180+1"]
[EndTime "8:16:04 PDT"]
[Termination "Cheer_Down won on time"]

1. e4 c5 2. Nf3 d6 3. Bb5+ Bd7 4. Bxd7+ Qxd7 5. c4 Nc6 6. Nc3 g6 7. d4 cxd4 8. Nxd4 Bg7 9. Be3 Nf6 10. f3 O-O 11. O-O a6 12. b3 Nxd4 13. Bxd4 b5 14. Nd5 Nxd5 15. cxd5 Rfc8 16. Bxg7 Kxg7 17. Qd4+ f6 18.
Rac1 Rxc1 19. Rxc1 Rc8 20. Rc3 Rc7 21. h4 Qc8 22.
Rxc7 Qxc7 23. Qe3 Qc2 24. a3 Qc5 25. Qxc5 dxc5 26. f4 Kf7 27. g4 Ke8 28. g5 Kd7 29. e5 f5 30. Kf2 a5 31. Ke3 Kc7 32. Kd2 Kd7 33. Kc3 Kc7 34. a4 bxa4 35. bxa4 Kb6 36. Kc4 Kc7 37. Kxc5 1-0

[Event "Early-Titled-Tuesday-Blitz-September-26-2023"]
[Site "Chess.com"]
[Date "2023.09.26"]
[Round "2"]
[White "amelia91"]
[Black "ploxoi"]
[Result "0-1"]
[WhiteElo "2113"]
[BlackElo "2426"]
[TimeControl "180+1"]
[EndTime "8:16:04 PDT"]
[Termination "ploxoi won by resignation"]

1. d3 d5 2. Nd2 Nf6 3. Ngf3 c5 4. g3 Nc6 5. Bg2 e6 6. O-O b6 7.
e4 Bb7 8. c3 Be7 9. e5 Nd7 10.
Re1 Rc8 11. Qe2 a5 12. Nf1 Ba6 13. Bf4 g5 14. Bc1 g4 15. N3d2 Ndxe5 16. f4 gxf3 17. Nxf3 Bxd3 18. Qe3 Nxf3+ 19. Bxf3 Bg6 20. Bg4 d4 21. Qf3 dxc3 22. bxc3 Qd3 23. Be3 Ne5 24.
Qe2 O-O 25. Rad1 Qxe2 26. Bxe2 Rfd8 27. Bf4 Nd3 28. Bxd3 Rxd3 29. Rxd3 Bxd3 30. Rd1 c4 31. Ne3 Bc5 32. Kg2 Rd8 33. Re1 f6 34. Ng4 Kf7 35. h4 e5 36. Bc1 h5 37. Ne3 Ke6 38. Kf3 f5 39. Ng2 Be4+ 0-1

[Event "Early-Titled-Tuesday-Blitz-September-26-2023"]
[Site "Chess.com"]
[Date "2023.09.26"]
[Round "2"]
[White "pinguino120"]
[Black "kaanadayhamle"]
[Result "1-0"]
[WhiteElo "2220"]
[BlackElo "2436"]
[TimeControl "180+1"]
[EndTime "8:16:05 PDT"]
[Termination "pinguino120 won by resignation"]

1. e4 e5 2. Nf3 Nc6 3. Bb5 Nf6 4. d3 d6 5. O-O Be7 6. c4 O-O 7. Nc3 Bg4 8. h3 Bh5 9. g4 Bg6 10. Be3 Nd7 11. Bxc6 bxc6 12. d4 Nf6 13. Qc2 exd4 14. Nxd4 c5 15. Nf5 Bxf5 16. gxf5 Nd7 17. f4 Bf6 18.
Qg2 Re8 19. Rae1 Bxc3 20. bxc3 Nf6 21. e5 dxe5 22. fxe5 Rxe5 23. Bh6 Ng4 24. Qxg4 1-0

[Event "Early-Titled-Tuesday-Blitz-September-26-2023"]
[Site "Chess.com"]
[Date "2023.09.26"]
[Round "2"]
[White "FREDERICKtheMATE"]
[Black "Mops_2004"]
[Result "1-0"]
[WhiteElo "2589"]
[BlackElo "2762"]
[TimeControl "180+1"]
[EndTime "8:16:07 PDT"]
[Termination "FREDERICKtheMATE won by resignation"]

1. Nf3 g6 2. d4 Bg7 3. c4 d6 4.
Nc3 e5 5. dxe5 dxe5 6. Qxd8+ Kxd8 7. Bg5+ f6 8. O-O-O+ Nd7 9. Bd2 c6 10. e4 Ke7 11.
Be3 Bh6 12. Kd2 Nc5 13. b4 Ne6 14. Bxh6 Nxh6 15. g3 a5 16. a3 axb4 17. axb4 Nf7 18. Bd3 Nfg5 19. Nxg5 fxg5 20. Ra1 Bd7 21. Na4 Nd4 22.
Kc3 Rhf8 23. Nb6 Rab8 24. Ra2 Be6 25. Rd1 Kd6 26. c5+ Kc7 27. Bc4 Rf3+ 28. Rd3 Rbf8 29.
Bxe6 Nxe6 30. Ra8 Nd4 31. Rxf3 Rxf3+ 32. Kc4 1-0

[Event "Early-Titled-Tuesday-Blitz-September-26-2023"]
[Site "Chess.com"]
[Date "2023.09.26"]
[Round "2"]
[White "SharapovEvgeny"]
[Black "artin10862"]
[Result "0-1"]
[WhiteElo "2610"]
[BlackElo "2894"]
[TimeControl "180+1"]
[EndTime "8:16:08 PDT"]
[Termination "artin10862 won by resignation"]

1. e4 e5 2. Nf3 Nc6 3. Bb5 a6 4.
Ba4 Nf6 5. d3 b5 6. Bb3 Be7 7. a4 Bb7 8. Nc3 b4 9. Nd5 d6 10. O-O O-O 11. Nxe7+ Nxe7 12. a5 h6 13. Bd2 c5 14. c3 bxc3 15. bxc3 Nc6 16. Re1 Nxa5 17. Ba2 c4 18. Bc1 Bc6 19. Ba3 cxd3 20. Qxd3 Nb7 21. Rad1 Qa5 22. c4 Rfd8 23. Qb3 Nc5 24.
Bxc5 Qxc5 25. Nd2 a5 26. Qc2 a4 27. Nb1 Rab8 28. Nc3 Rb4 29. Qd2 a3 30. Ra1 Rb2 31.
Qe3 Qxe3 32. Rxe3 Rdb8 33. h3 Rc2 34. Nd5 Bxd5 35. exd5 Rbb2 36. Rxa3 Rxf2 37. Rg3 Rxa2 0-1

[Event "Early-Titled-Tuesday-Blitz-September-26-2023"]
[Site "Chess.com"]
[Date "2023.09.26"]
[Round "2"]
[White "luizzy"]
[Black "BJthechessgod"]
[Result "1-0"]
[WhiteElo "2639"]
[BlackElo "2363"]
[TimeControl "180+1"]
[EndTime "8:16:08 PDT"]
[Termination "luizzy won by checkmate"]

1. b3 d5 2. Bb2 Nf6 3. e3 c5 4. Nf3 a6 5. Be2 Nc6 6. O-O e6 7. d4 Bd6 8. dxc5 Bxc5 9. c4 O-O 10. Nc3 dxc4 11. Bxc4 b5 12. Bd3 Bb7 13. Rc1 Bb6 14. Ne4 Nxe4 15. Bxe4 Rc8 16. Qe2 Qe7 17. Rfd1 Rfd8 18.
Rxd8+ Qxd8 19. h3 Na5 20. Rxc8 Qxc8 21. Bb1 Nc6 22. Ng5 g6 23. Qg4 h5 24. Qf4 Bd8 25.
Qxf7# 1-0

[Event "Early-Titled-Tuesday-Blitz-September-26-2023"]
[Site "Chess.com"]
[Date "2023.09.26"]
[Round "2"]
[White "only_strong_moves"]
[Black "diamonds13"]
[Result "1-0"]
[WhiteElo "2529"]
[BlackElo "2329"]
[TimeControl "180+1"]
[EndTime "8:16:10 PDT"]
[Termination "only_strong_moves won on time"]

1. d4 Nf6 2. Nc3 d5 3. Bf4 e6 4. Nb5 Na6 5. e3 c6 6. Nc3 Bb4 7. Bd3 Bxc3+ 8. bxc3 b5 9. a4 Qa5 10. axb5 Qxc3+ 11. Kf1 Nb4 12. Ne2 Qb2 13. Rb1 Nxd3 14.
Rxb2 Nxb2 15. Qb1 Nc4 16. Qb4 cxb5 17. Qxb5+ Bd7 18. Qb7 O-O 19. g4 a5 20. g5 Nh5 21. Qxd7 Nxf4 22. Nxf4 a4 23. Nd3 Rfb8 24.
Kg2 a3 25. Ra1 a2 26. Nc1 Rb2 27. Rxa2 Rbxa2 28. Nxa2 Nb6 29. Qb7 1-0

[Event "Early-Titled-Tuesday-Blitz-September-26-2023"]
[Site "Chess.com"]
[Date "2023.09.26"]
[Round "2"]
[White "Flopezin"]
[Black "Emp3rador"]
[Result "0-1"]
[WhiteElo "2319"]
[BlackElo "2523"]
[TimeControl "180+1"]
[EndTime "8:16:14 PDT"]
[Termination "Emp3rador won by resignation"]

1. e4 d5 2. exd5 Qxd5 3. Nc3 Qd6 4.
d4 Nf6 5. Bc4 a6 6. a4 b6 7. Nf3 Bb7 8. O-O Nbd7 9. Bg5 e6 10.
Re1 Be7 11. Ne5 O-O 12. Qd3 Rad8 13. Bxa6 Bxa6 14. Qxa6 Nb8 15. Qc4 Qxd4 16. Qxc7 Bd6 17. Qc4 Bxe5 18. Qxd4 Bxd4 19. Ne4 h6 20. Bxf6 Bxf6 21.
Nxf6+ gxf6 22. b4 Nc6 23. c3 Rd3 24. Rec1 Ra8 25. b5 Na5 26. Rc2 Rc8 27. Rac1 Rc4 28. Kf1 Nb3 29. Re1 Rdxc3 30. Rxc3 Rxc3 31. Rb1 Na5 32. Ke2 Rc4 33. Kd3 Rxa4 34. Rc1 Rb4 35. Rc8+ Kg7 36.
Ke3 Rxb5 37. Kf3 Rc5 38. Kg3 Rxc8 0-1

[Event "Early-Titled-Tuesday-Blitz-September-26-2023"]
[Site "Chess.com"]
[Date "2023.09.26"]
[Round "2"]
[White "GradualismUnleashed"]
[Black "Mikhail_Bryakin"]
[Result "0-1"]
[WhiteElo "2596"]
[BlackElo "2829"]
[TimeControl "180+1"]
[EndTime "8:16:17 PDT"]
[Termination "Mikhail_Bryakin won by resignation"]

1. e4 Nf6 2. e5 Nd5 3. d4 d6 4. Nf3 dxe5 5. Nxe5 Bf5 6. Bd3 Bxd3 7. Qxd3 c6 8. O-O Nd7 9. Nf3 g6 10. a3 Bg7 11. c4 Nc7 12. Nc3 O-O 13. Re1 Re8 14. Bg5 Ne6 15. Be3 Ndc5 16. Qc2 Nxd4 17. Nxd4 Bxd4 18.
Rad1 e5 19. h3 Ne6 20. Ne4 f5 21. Nc3 Qf6 22. Qb3 Re7 23. Ne2 Rd8 24. Nxd4 Nxd4 25. Bxd4 exd4 26. c5+ Kg7 27. Qd3 Rxe1+ 28. Rxe1 Rd7 29. b4 a6 30. g3 h5 31. h4 f4 32.
Re4 fxg3 33. fxg3 Qf5 34. Qe2 Qf7 35. Re6 d3 36. Qe5+ Kh7 37. Rf6 Qg7 38. Qf4 d2 39.
Rd6 d1=Q+ 40. Rxd1 Rxd1+ 41. Kf2 Qb2+ 42. Ke3 Qd2+ 0-1

[Event "Early-Titled-Tuesday-Blitz-September-26-2023"]
[Site "Chess.com"]
[Date "2023.09.26"]
[Round "2"]
[White "kuanysh1981"]
[Black "GG91"]
[Result "1-0"]
[WhiteElo "2486"]
[BlackElo "2224"]
[TimeControl "180+1"]
[EndTime "8:16:20 PDT"]
[Termination "kuanysh1981 won by resignation"]

1. d4 d6 2. e4 Nf6 3. Bd3 g6 4. Nf3 Bg7 5. h3 Nc6 6. c3 e5 7. d5 Ne7 8. c4 O-O 9. Nc3 Ne8 10. g4 h6 11. Be3 f5 12. gxf5 gxf5 13. Rg1 f4 14. Bd2 Nf6 15. Qb3 Qe8 16. c5 Qh5 17.
Be2 Qf7 18. O-O-O b6 19. cxd6 cxd6 20. Nb5 Ne8 21. Kb1 Bd7 22. Rc1 Bxb5 23. Qxb5 Nf6 24. Qb4 Rfc8 25. Bd3 Rc5 26. Rxc5 bxc5 27. Qb7 Qe8 28.
Nxe5 dxe5 29. d6 Rb8 30. Qxa7 Nh5 31. dxe7 Kh7 32. Bc3 f3 33. Qxc5 Rc8 34. Rxg7+ Nxg7 35. Qxe5 Qg6 36. Qxg7+ Qxg7 37. Bxg7 Kxg7 38. Bb5 Kf7 39.
e8=Q+ Rxe8 40. Bxe8+ Kxe8 41. Kc2 1-0

[Event "Early-Titled-Tuesday-Blitz-September-26-2023"]
[Site "Chess.com"]
[Date "2023.09.26"]
[Round "2"]
[White "kereswasbest"]
[Black "WindWhistler11"]
[Result "1-0"]
[WhiteElo "2281"]
[BlackElo "2464"]
[TimeControl "180+1"]
[EndTime "8:16:21 PDT"]
[Termination "kereswasbest won by resignation"]

1. d4 Nf6 2. c4 e6 3. Nc3 c5 4. d5 exd5 5. cxd5 Bd6 6. g3 O-O 7.
Nf3 Re8 8. Bg2 Bc7 9. d6 Ba5 10. O-O Nc6 11. Bg5 Bxc3 12. bxc3 h6 13. Bf4 b6 14.
Ne5 Ba6 15. Nxc6 dxc6 16. Bxc6 Bxe2 17. Qa4 Bxf1 18. Rxf1 Nh5 19. Bxe8 Qxe8 20. d7 Qd8 21. Re1 Nf6 22. Rd1 a6 23. Qc6 Nxd7 24. Rxd7 Qe8 25. Qb7 Rd8 26. Rxd8 Qxd8 27. Qb8 Qxb8 28. Bxb8 b5 29.
Ba7 c4 30. Bc5 f6 31. Bb4 Kf7 32. f4 Ke6 33. Kf2 Kf5 34. Kf3 h5 35. h3 g5 36.
g4+ hxg4+ 37. hxg4+ Ke6 38. f5+ Kd5 39. Ke3 Ke5 40. Ba5 Kd5 41. a3 Kd6 42. Bd8 Ke5 43.
Bc7+ Kd5 44. Ba5 Ke5 45. Bb6 Kd5 46. Bd4 a5 47. Bxf6 b4 48. cxb4 1-0

[Event "Early-Titled-Tuesday-Blitz-September-26-2023"]
[Site "Chess.com"]
[Date "2023.09.26"]
[Round "2"]
[White "Alphafischer2019"]
[Black "Sanan_Sjugirov"]
[Result "0-1"]
[WhiteElo "2632"]
[BlackElo "2990"]
[TimeControl "180+1"]
[EndTime "8:16:22 PDT"]
[Termination "Sanan_Sjugirov won by resignation"]

1. Nf3 Nf6 2. g3 b6 3. Bg2 Bb7 4. c4 c5 5. b3 g6 6. Bb2 Bg7 7. Nc3 O-O 8. O-O d6 9. d4 cxd4 10. Qxd4 Nbd7 11. Qd2 Rc8 12. Rfe1 Nc5 13. Rad1 a6 14.
Nd5 Nfe4 15. Qc1 Bxb2 16. Qxb2 b5 17. Ne3 Qb6 18. Ng4 h5 19. Ne3 Nxf2 20. Rd4 e5 21. Kxf2 exd4 22. Qxd4 Rfe8 23. Kf1 Re4 24. Qd2 Nxb3 25. axb3 Qxe3 26. Qxd6 bxc4 27. bxc4 Rexc4 28. h4 Rc1 29. Qd7 Bxf3 30. Qxc8+ Rxc8 31. exf3 Rc1 0-1

[Event "Early-Titled-Tuesday-Blitz-September-26-2023"]
[Site "Chess.com"]
[Date "2023.09.26"]
[Round "2"]
[White "Jagerrmeisterr"]
[Black "TomLiu777"]
[Result "1-0"]
[WhiteElo "2691"]
[BlackElo "2370"]
[TimeControl "180+1"]
[EndTime "8:16:23 PDT"]
[Termination "Jagerrmeisterr won on time"]

1. e4 c5 2. Nc3 Nc6 3. f4 e6 4. Nf3 Nf6 5. e5 Ng8 6. Bb5 d5 7. exd6 Bxd6 8. d4 cxd4 9. Nxd4 Ne7 10. Nxc6 bxc6 11. Bd3 Nd5 12. Qf3 Qf6 13. Ne4 Qe7 14. a3 Bb7 15. Nxd6+ Qxd6 16. O-O c5 17. Qg3 g6 18. b3 O-O-O 19. Bb2 f6 20. Rae1 Rhe8 21.
Kh1 Qb6 22. Qh3 f5 23. Qxh7 Kb8 24. Qxg6 Ka8 25. Qh5 Rg8 26. Re2 Ne7 27. Bf6 Qc6 28.
Rff2 Rde8 29. a4 Nd5 30. Bb5 Qc7 31. Be5 Qd8 32. Bxe8 Nb4 33. Rd2 Qc8 34. Bf7 1-0

[Event "Early-Titled-Tuesday-Blitz-September-26-2023"]
[Site "Chess.com"]
[Date "2023.09.26"]
[Round "2"]
[White "nikitakhoroshev"]
[Black "jraosam"]
[Result "1/2-1/2"]
[WhiteElo "2633"]
[BlackElo "2051"]
[TimeControl "180+1"]
[EndTime "8:16:24 PDT"]
[Termination "Game drawn by agreement"]

1. Nf3 Nf6 2. g3 d5 3. Bg2 Bf5 4. c4 e6 5. Qb3 Nc6 6. O-O dxc4 7. Qxc4 Qd5 8. Qxd5 exd5 9. d3 Bc5 10. Nc3 O-O-O 11. Bg5 Be7 12. Rac1 h6 13. Bf4 Bd6 14. Bxd6 Rxd6 15.
Nb5 Rd7 16. Nfd4 Nxd4 17. Nxd4 Be6 18. b4 Kb8 19. Rc3 Rhd8 20. Rfc1 Ng8 21. a4 Ne7 22. e3 Nf5 23. Nxf5 Bxf5 24. d4 Be6 25. Bf1 Rc8 26.
f3 c6 27. Kf2 f6 28. b5 Rdc7 29. bxc6 Rxc6 30. Rxc6 Rxc6 31. Rxc6 bxc6 32. Ke1 Kc7 33.
Kd2 c5 34. Kc3 Kd6 35. a5 f5 36. Bb5 c4 37. Be8 Ke7 38. Bc6 Kd6 39. Bb7 Bd7 40.
e4 fxe4 41. fxe4 Bc6 42. e5+ Kc7 43. Bxc6 Kxc6 44. Kb4 a6 45. g4 g6 46. h4 h5 47.
g5 Kd7 1/2-1/2

[Event "Early-Titled-Tuesday-Blitz-September-26-2023"]
[Site "Chess.com"]
[Date "2023.09.26"]
[Round "2"]
[White "Doudou2015"]
[Black "schack_vit"]
[Result "0-1"]
[WhiteElo "2178"]
[BlackElo "2443"]
[TimeControl "180+1"]
[EndTime "8:16:24 PDT"]
[Termination "schack_vit won on time"]

1. b3 d5 2. Bb2 c5 3. e3 Nc6 4. f4 Nf6 5. Nf3 Bg4 6. Bb5 e6 7. Bxc6+ bxc6 8. O-O Qb6 9. h3 Bxf3 10. Qxf3 c4 11.
Bxf6 gxf6 12. Nc3 cxb3 13. axb3 Bd6 14. d4 c5 15. Na4 Qc6 16. c4 cxd4 17. exd4 Kd7 18.
cxd5 Qxd5 19. Qxd5 exd5 20. Nc5+ Bxc5 21. dxc5 a5 22. Rfc1 Kc6 23. Ra3 Rhb8 24. Rca1 Rb5 25. b4 Rxb4 26. Rxa5 Rxa5 27. Rxa5 Rxf4 28. g3 Rf5 29. g4 Rf4 30. Kg2 d4 31. Kg3 Rf1 32. Kg2 Rc1 33. Ra6+ Kxc5 34. Rxf6 d3 35. Rf5+ Kd4 36.
Rxf7 d2 37. Rd7+ Ke3 38. g5 d1=Q 39. Rxd1 Rxd1 40. Kg3 Rg1+ 41. Kh4 Kf4 0-1

[Event "Early-Titled-Tuesday-Blitz-September-26-2023"]
[Site "Chess.com"]
[Date "2023.09.26"]
[Round "2"]
[White "amanmuhammethommadov"]
[Black "ContrVersia"]
[Result "0-1"]
[WhiteElo "2612"]
[BlackElo "2908"]
[TimeControl "180+1"]
[EndTime "8:16:25 PDT"]
[Termination "ContrVersia won by checkmate"]

1. e4 c5 2. Nf3 a6 3. Be2 b5 4.
O-O Bb7 5. d3 g6 6. a4 Bg7 7. c3 Nc6 8. Qc2 Nf6 9. Na3 b4 10. Nc4 d5 11. exd5 Nxd5 12. Bd2 O-O 13. a5 Rc8 14. Rfe1 Qc7 15. Bf1 Rfd8 16. h3 h6 17. Re4 e6 18. Ree1 Rd7 19. Re2 bxc3 20. bxc3 Ncb4 21. Qb1 Nxc3 22. Bxc3 Bxc3 23. Ra3 Bxf3 24.
gxf3 Rxd3 25. Rxe6 Rxf3 26. Bg2 Rd3 27. Re2 Rcd8 28.
Ne3 Qf4 29. Nd5 R3xd5 30. Bxd5 Nxd5 31. Qd3 Qc1+ 32. Kh2 Qxa3 33. Qxa6 Qxa5 34. Qb7 Qc7+ 35. Qxc7 Nxc7 36. Re3 Bd4 37. Rf3 c4 38. Kg2 c3 39.
Kf1 c2 40. Ke2 c1=Q 41. Kd3 Bg7+ 42. Ke2 Qd1+ 43. Ke3 Qd2+ 44. Ke4 Qd4# 0-1

[Event "Early-Titled-Tuesday-Blitz-September-26-2023"]
[Site "Chess.com"]
[Date "2023.09.26"]
[Round "2"]
[White "subham777"]
[Black "AradNazari"]
[Result "0-1"]
[WhiteElo "2587"]
[BlackElo "2813"]
[TimeControl "180+1"]
[EndTime "8:16:25 PDT"]
[Termination "AradNazari won by resignation"]

1. e4 c5 2. Nf3 d6 3. d4 cxd4 4. Qxd4 Nc6 5. Bb5 Bd7 6. Bxc6 Bxc6 7. c4 Nf6 8. Nc3 e6 9. Bg5 Be7 10. O-O h6 11. Bh4 O-O 12. Rfd1 Qa5 13. a3 Rfd8 14.
Bg3 a6 15. b4 Qh5 16. Rab1 Rac8 17. b5 axb5 18. cxb5 Be8 19. Na4 d5 20. exd5 Rxd5 21.
Qa7 Rxd1+ 22. Rxd1 Qxb5 23. Nb6 Bc5 24. Qxb7 Rd8 25.
Rc1 Qxb6 26. Qxb6 Bxb6 27. h4 Ne4 28. Bc7 Rc8 0-1

[Event "Early-Titled-Tuesday-Blitz-September-26-2023"]
[Site "Chess.com"]
[Date "2023.09.26"]
[Round "2"]
[White "blitzo_vich"]
[Black "jcibarra"]
[Result "0-1"]
[WhiteElo "2619"]
[BlackElo "2947"]
[TimeControl "180+1"]
[EndTime "8:16:26 PDT"]
[Termination "jcibarra won by resignation"]

1. c4 e5 2. Nc3 Nf6 3. Nf3 e4 4. Ng5 c6 5. Qa4 Qe7 6. d3 exd3 7. e3 Na6 8. Bxd3 Nc5 9. Qc2 Nxd3+ 10. Qxd3 g6 11. b3 Bg7 12. Bb2 O-O 13. O-O d5 14.
cxd5 Rd8 15. e4 cxd5 16. exd5 Bf5 17. Qf3 h6 18. Rfe1 Qd7 19. Nh3 g5 20. Qg3 Nh5 21. Qe3 Re8 22. Qd2 Bxh3 23. gxh3 Qxh3 24. Re3 Qg4+ 25.
Kh1 Bd4 26. Rg1 Bxe3 27. fxe3 Qf3+ 28. Rg2 Rxe3 0-1

[Event "Early-Titled-Tuesday-Blitz-September-26-2023"]
[Site "Chess.com"]
[Date "2023.09.26"]
[Round "2"]
[White "Shield12"]
[Black "bubeliang"]
[Result "1-0"]
[WhiteElo "2968"]
[BlackElo "2626"]
[TimeControl "180+1"]
[EndTime "8:16:27 PDT"]
[Termination "Shield12 won by checkmate"]

1. e4 c6 2. Nf3 d5 3. Nc3 dxe4 4. Nxe4 Nf6 5. Qe2 Nxe4 6. Qxe4 Qd5 7. Qf4 Qf5 8. Qe3 Qe6 9. b3 Qxe3+ 10. fxe3 f6 11. Bb2 e5 12. O-O-O Be6 13. Rg1 Nd7 14. g4 O-O-O 15.
g5 Be7 16. Be2 Rhf8 17. gxf6 Bxf6 18. Rdf1 Rf7 19. Ng5 Re7 20. Nxh7 Rh8 21. Bd3 Bh3 22. Rf3 e4 23. Rxh3 exd3 24. cxd3 Nc5 25. Ba3 b6 26. d4 Nd3+ 27. Kc2 Nf2 28. Rf3 Rf7 29. Ng5 Bxg5 30.
Rxf7 Bf6 31. Rf8+ Rxf8 32. Bxf8 Nh3 33. Rg3 Nf2 34. Bxg7 Ne4 35. Bxf6 Nxf6 36. h4 c5 37. Rg6 Nh5 38. Rg5 Nf6 39. h5 Nd5 40. Rxd5 cxd4 41. h6 a5 42. h7 a4 43. h8=Q+ Kb7 44. Rd7+ Ka6 45. Qc8+ Kb5 46. Qc4+ Ka5 47. Ra7# 1-0

[Event "Early-Titled-Tuesday-Blitz-September-26-2023"]
[Site "Chess.com"]
[Date "2023.09.26"]
[Round "2"]
[White "skkeyan1309"]
[Black "Djager97"]
[Result "0-1"]
[WhiteElo "2733"]
[BlackElo "2563"]
[TimeControl "180+1"]
[EndTime "8:16:30 PDT"]
[Termination "Djager97 won by checkmate"]

1. d4 d5 2. c4 e6 3. Nc3 c6 4. Nf3 Nf6 5. e3 Nbd7 6. Qc2 Bd6 7. Bd3 dxc4 8. Bxc4 b5 9. Be2 Bb7 10. O-O O-O 11. Rd1 Qc7 12. e4 e5 13. g3 b4 14. Na4 Rad8 15. Bg5 exd4 16. Nxd4 h6 17.
Be3 Rfe8 18. Nf5 Bf8 19. f3 Ne5 20. Nc5 Bc8 21. Nd4 Ng6 22. Rac1 h5 23. Bg5 h4 24. Bxf6 gxf6 25. Kf2 Bd6 26. gxh4 Bxh2 27. Ncb3 Qg3+ 28. Ke3 Qf4+ 29. Kf2 Qxh4+ 30. Kg2 Qh3+ 31. Kh1 Bg3+ 32. Kg1 Qh2+ 33. Kf1 Qf2# 0-1

[Event "Early-Titled-Tuesday-Blitz-September-26-2023"]
[Site "Chess.com"]
[Date "2023.09.26"]
[Round "2"]
[White "FGHSMN"]
[Black "epiclord678"]
[Result "1-0"]
[WhiteElo "2874"]
[BlackElo "2404"]
[TimeControl "180+1"]
[EndTime "8:16:32 PDT"]
[Termination "FGHSMN won by resignation"]

1. d4 Nf6 2. Nf3 g6 3. Bf4 Bg7 4. e3 d6 5. h3 O-O 6. Be2 Nbd7 7. O-O b6 8. c4 Bb7 9. Nc3 Ne4 10. Nxe4 Bxe4 11. Bh2 Nf6 12. d5 Bxf3 13. Bxf3 Nd7 14. Qc2 a5 15. Be2 Nc5 16. Rad1 Re8 17. Bf3 Qd7 18. h4 h5 19. b3 Bf6 20. Bg3 Rab8 21.
Be2 c6 22. dxc6 Qxc6 23. Bf3 Qc7 24. Bd5 Kg7 25. Qe2 Qd7 26. f4 b5 27. cxb5 Rxb5 28.
e4 Rb4 29. e5 Qe6 30. Bxe6 1-0

[Event "Early-Titled-Tuesday-Blitz-September-26-2023"]
[Site "Chess.com"]
[Date "2023.09.26"]
[Round "2"]
[White "Austen48"]
[Black "simplerXiao"]
[Result "0-1"]
[WhiteElo "2321"]
[BlackElo "2533"]
[TimeControl "180+1"]
[EndTime "8:16:32 PDT"]
[Termination "simplerXiao won on time"]

1. d4 d5 2. c4 e6 3. Nc3 Nf6 4. cxd5 exd5 5. Bg5 Bb4 6. e3 c5 7. Nf3 Qa5 8. Nd2 Nbd7 9. Qc2 cxd4 10. exd4 O-O 11. Be2 Re8 12. Be3 Nf8 13. O-O Ng6 14. a3 Bd6 15. g3 a6 16. Bf3 Be6 17. Bg2 Rac8 18. Qb3 Qc7 19. Rac1 Qe7 20. Na4 b5 21. Nc3 Bb8 22. Nxd5 Nxd5 23. Bxd5 Bh3 24. Bg2 Bxg2 25.
Kxg2 Qb7+ 26. Kg1 Rcd8 27. Rc2 h5 28. Rfc1 h4 29. Nf1 Qf3 30. Nd2 Qh5 31. Nf1 h3 32. Bd2 Rxd4 33. Rc8 Rdd8 34. Rxd8 Rxd8 35. Qe3 Ne5 36. f4 Ba7 37. Qxa7 Qe2 0-1

[Event "Early-Titled-Tuesday-Blitz-September-26-2023"]
[Site "Chess.com"]
[Date "2023.09.26"]
[Round "2"]
[White "giomar27"]
[Black "Giorno"]
[Result "0-1"]
[WhiteElo "2250"]
[BlackElo "2477"]
[TimeControl "180+1"]
[EndTime "8:16:33 PDT"]
[Termination "Giorno won on time"]

1. d4 d5 2. Nc3 c6 3. Bf4 Nf6 4. e3 h6 5. Bd3 e6 6. f3 Nh5 7. Be5 Nd7 8. f4 Nxe5 9. fxe5 Qh4+ 10. Kf1 Ng3+ 11. hxg3 Qxh1 12. Qf3 g6 13. Qf2 Qh5 14. Nf3 g5 15. Ke2 Be7 16. Rf1 Bd7 17. Kd2 O-O-O 18. Qe1 f5 19. Rh1 Qf7 20. Ne2 Kb8 21. Nh2 c5 22. c3 Rc8 23. g4 h5 24. gxf5 exf5 25.
Nf3 g4 26. Nh4 Bxh4 27. Qxh4 c4 28. Bc2 Be6 29. Nf4 Qd7 30. g3 Ka8 31. Qf6 Rce8 32. Rh4 Rhf8 33. Qh6 Rh8 34. Qf6 Qc6 35. Bxf5 Rhf8 0-1

[Event "Early-Titled-Tuesday-Blitz-September-26-2023"]
[Site "Chess.com"]
[Date "2023.09.26"]
[Round "2"]
[White "kidagent"]
[Black "venturov"]
[Result "1-0"]
[WhiteElo "2239"]
[BlackElo "2453"]
[TimeControl "180+1"]
[EndTime "8:16:33 PDT"]
[Termination "kidagent won on time"]

1. c4 e6 2. g3 d5 3. cxd5 exd5 4. Nf3 Nf6 5. Bg2 c5 6. d4 c4 7. O-O Nc6 8. Nc3 a6 9. Bg5 Be6 10. b3 b5 11. bxc4 bxc4 12. Qa4 Qd7 13. Bxf6 gxf6 14.
e4 Nb4 15. Qxd7+ Kxd7 16. exd5 Bf5 17. a3 Nc2 18. Rab1 Bd6 19. Rb7+ Kc8 20. Rxf7 Rf8 21. Rg7 Nxa3 22. Na4 Rb8 23. Nh4 Bd7 24. Nc5 Rd8 25. Nxd7 Rxd7 26. Bh3 Rb7 27. Re1 c3 28. Re8+ Kc7 29.
Rxd7+ Kb6 30. Rxb7+ Kxb7 31. Bf5 c2 32. Bxc2 Nxc2 33.
Nf5 Bb4 34. Re2 1-0